cohdb
Replays
Latest Replays
All Replays
Popular Replays
Top Player Replays
Match Explorer
How It Works
Community
CoH3 Stats
Reddit
Sign in to upload your games and track your stats! →
Sign in with Steam
Match 42358579
Unlisted
Match 42358579
Overview
Messages
Build Orders
End
Construct Barracks
Riflemen Squad
Selects Heavy Weapons
Riflemen Squad
M1 Mortar Team
Riflemen Squad
Grenade Package
Infantry Support Center
Construct Weapon Support Center
Bazooka Squad
Selects Assault Carriers
M3 Assault Carrier
M1918 Browning Automatic Rifles
M3 Assault Carrier
Engineer Squad
Selects Exchangeable Parts
Advanced Logistics
M3 Assault Carrier
Survival Training
.30 cal Machine Gun
.30 cal Machine Gun
Munitions Surplus
Demolitions Package
Improved M9 Bazooka Rockets
Scout Squad
Selects M26 Pershing Heavy Tank
M26 Pershing Heavy Tank
Selects M2HB .50cal Heavy Machine Gun
Forward Retreat Point
Construct Tank Depot
Forward Retreat Point
Selects Rapid Reposition
Scout Squad
Captain Retinue
Riflemen Squad
Selects Black Dragon Artillery Barrage
Black Dragon Artillery Barrage
M3 Assault Carrier
Engineer Squad
Riflemen Squad
Black Dragon Artillery Barrage
NiuZeta
kingkendji99
T-800SEP
魂归来兮
RTK | I3
Revolution
Turtleboy
369
0
0
Comments
sign in to comment!
No comments posted yet!